 Dungeon Crawl Stone Soup version 0.30.0 (webtiles) character file.

Game seed: 14489583901857563586

221 zlionsfan the Covert (level 5, -2/49 HPs)
             Began as a Naga Delver on May 6, 2023.
             Slain by a river rat (7 damage)
             ... in a sewer.
             The game lasted 00:06:02 (1020 turns).

zlionsfan the Covert (Naga Delver)                  Turns: 1020, Time: 00:06:03

Health: -2/49      AC:  3    Str: 15    XL:     5   Next: 98%
Magic:  5/5        EV:  9    Int: 10    God:
Gold:   57         SH:  0    Dex: 14    Spells: 4/4 levels left

rFire   . . .        a - +0 falchion
rCold   . . .        (no shield)
rNeg    . . .        b - +0 leather armour
rPois   +            (no helmet)
rElec   .            (no cloak)
rCorr   .            (no gloves)
SInv    +            (no barding)
Will    .....        (no amulet)
Stlth   ++++         (no ring)
HPRegen 0.28/turn    (no ring)
MPRegen 0.09/turn

%: no passive effects
@: short of breath, weak-willed, very slow
A: AC +1, large, see invisible, deformed body, poison resistance, slowness 2,
spit poison 1, naga tail 1
a: Spit Poison


You were in a sewer.
You visited 1 branch of the dungeon, and saw 3 of its levels.
You also visited: Sewer.

You collected 57 gold pieces.

Inventory:

Hand Weapons
 a - a +0 falchion (weapon)
Armour
 b - a +0 leather armour (worn)
Wands
 g - a wand of digging (3)
 h - a wand of iceblast (2)
Scrolls
 c - 2 scrolls of fog
 d - a scroll of magic mapping
 k - a scroll of identify {unknown}
Potions
 f - 4 potions of flight


   Skills:
 * Level 3.4 Fighting
 * Level 2.8 Long Blades
 + Level 0.6 Armour
 + Level 1.9 Dodging
 * Level 10.2 Stealth
 + Level 0.1 Evocations


You had 4 spell levels left.
You didn't know any spells.
Your spell library was empty.

Dungeon Overview and Level Annotations

Branches:
Dungeon (5/15)              Sewer (1/1)
 Temple: D:4-7

Altars:


Innate Abilities, Weirdness & Mutations

Your serpentine skin is tough. (AC +1)
You have supernaturally acute eyesight. (SInv)
Armour fits poorly on your strangely shaped body.
Your system is resistant to poisons. (rPois)
You cover ground very slowly.
You can spit poison.
You have a snake-like lower body.


Message History

The river rat is lightly wounded.
The river rat bites you. The river rat barely misses you. x2
The river rat bites you. x3
The river rat attacks as you move away! The river rat misses you.
The river rat attacks as you move away! The river rat bites you!
The river rat attacks as you move away! The river rat bites you.
The river rat attacks as you move away!
The river rat bites you but does no damage.
The river rat bites you. The river rat barely misses you.
Aiming: Spit Poison (1% risk of failure)
Press: ? - help, Shift-Dir - straight line, f - river rat
Aim: a river rat (54% to hit)
The splash of poison hits the river rat.
The river rat is severely wounded.
The river rat barely misses you.
The river rat bites you but does no damage.
You hit the river rat but do no damage.
The river rat is almost dead.
The river rat bites you but does no damage.
You barely miss the river rat.
The river rat is severely wounded.
The river rat bites you.
* * * LOW HITPOINT WARNING * * *
The river rat bites you.
* * * LOW HITPOINT WARNING * * *
The river rat bites you.
* * * LOW HITPOINT WARNING * * *
It was a potion of curing.
You feel better. The river rat bites you. x2
* * * LOW HITPOINT WARNING * * *
The river rat closely misses you.
This is a scroll of acquirement!
Something appears before you! The river rat closely misses you.
The river rat bites you.
* * * LOW HITPOINT WARNING * * *
The river rat bites you.
* * * LOW HITPOINT WARNING * * *
As you read the scroll labelled XUITSA ISOU, it crumbles to dust.
Magic quickly surges around you.
It was a scroll of vulnerability.
The river rat bites you!
You die...

~.~.~~~.~.~.~~S~~~~~~~~~≈.# #~≈
≈≈≈≈≈≈≈≈≈≈≈≈≈≈≈≈≈≈≈≈≈≈≈~≈.# #~≈
~~~~~..~~~.~~~~.~.~~~~..≈~# #~≈
#######################~≈~# #.≈ #
###### #~≈~# #~≈ # #....# #.≈.#
#~≈ #####''#####++##### #~≈~# #~≈
~~.~...........rr∩# #~≈~# #~≈
~.~............r@∩# #~≈.# #~≈
#####''#####''##### #.≈~# #~≈ #
#....# #....# #~≈~# #.≈ # ######
###### #~≈~# #~≈
#######################~≈~#####~≈
~...~~~~~~~~~.~~~~~†~~~~~~~.~.~~≈
≈≈≈≈≈≈≈≈≈≈≈≈≈≈≈≈≈≈≈≈≈≈≈≈≈≈≈≈≈≈≈≈≈
.~~.~.~~~~~~~~~~.~~..~~.~~.~~.~.~
#################################


You could see 3 river rats.

Vanquished Creatures
  A scorpion (D:5)
  A jelly (D:5)
  An iguana (D:5)
  5 adders
  3 river rats
  4 worms
  5 bats (Sewer)
  3 giant cockroaches
  2 hobgoblins (D:3)
  2 quokkas (Sewer)
  2 ball pythons
  3 frilled lizards
  3 rats (D:3)
35 creatures vanquished.

Notes
Turn   | Place    | Note
-------+----------+-------------------------------------------
     0 | D:5      | zlionsfan the Naga Delver began the quest for the Orb.
     0 | D:5      | Reached XP level 1. HP: 21/21 MP: 1/1
     2 | D:5      | Noticed a black bear
    21 | D:5      | Reached XP level 2. HP: 16/28 MP: 2/2
    94 | D:5      | Noticed a scorpion
    98 | D:5      | Reached skill level 8 in Stealth
    98 | D:5      | Reached XP level 3. HP: 13/34 MP: 3/3
    99 | D:5      | Reached XP level 4. HP: 16/42 MP: 4/4
    99 | D:5      | Killed a scorpion
   100 | D:5      | Reached skill level 9 in Stealth
   100 | D:5      | Reached XP level 5. HP: 19/49 MP: 5/5
   122 | D:5      | Noticed an ice beast
   481 | D:3      | Found a glowing drain.
   507 | Sewer    | Entered a sewer
   661 | Sewer    | Reached skill level 10 in Stealth
  1019 | Sewer    | Identified a scroll of acquirement
  1019 | Sewer    | Acquired the staff of air "Diclo" {rElec rPois rN+ Will-
                  | rCorr}
  1020 | Sewer    | Slain by a river rat

Illustrated notes

Levels and vault maps discovered:
D:3:      layout_basic, gup_sewer_entry_bowl, st_stairs_14
D:4:      layout_basic, serial_shops, nicolae_shop_pleasant_corner_grove,
          interstate_on_off
D:5:      layout_rooms, serial_corexii_hall, chequers_hall_statues_y,
          chequers_hall_statues_y, minmay_misc_feat_five,
          minmay_misc_feat_four_crosses
Sewer:    sewer_fruit_machine

Skill      XL: |  1  2  3  4  5 |
---------------+----------------+-----
Stealth        | 8 9 10 | 10.2
Fighting       | |  3.4
Long Blades    | |  2.8
Armour         | |  0.6
Dodging        | |  1.9
Evocations     | |  0.1

Action                     |  1- 3 |  4- 6 || total
---------------------------+-------+-------++-------
  Melee: Falchion          |     8 |   105 ||   113
         Punch             |       |     2 ||     2
Ability: Spit Poison       |     3 |     5 ||     8
  Evoke: Wand              |     2 |     2 ||     4
    Use: Scroll            |       |     3 ||     3
         Potion            |       |     3 ||     3
   Stab: Sleeping          |       |    16 ||    16
 Armour: Leather armour    |     1 |    24 ||    25
  Dodge: Dodged            |     6 |    53 ||    59
